 Dungeon Crawl Stone Soup version 0.29.0 (webtiles) character file.

Game seed: 1877359820519999865

119 brinewave the Sneak (level 4, -2/18 HPs)
             Began as a Felid Ice Elementalist on Sept 8, 2022.
             Succumbed to a water moccasin's poison
             ... on level 5 of the Dungeon.
             The game lasted 00:17:21 (4478 turns).

brinewave the Sneak (Felid Ice Elementalist)        Turns: 4478, Time: 00:17:22

Health: -2/18      AC:  1    Str:  4    XL:     4   Next: 73%
Magic:  7/9        EV: 19    Int: 18    God:
Gold:   234        SH:  5    Dex: 17    Spells: 2/9 levels left
                                        Lives:  0   Deaths: 1

rFire   . . .      SeeInvis +   (weapon unavailable)
rCold   . . .      Faith    .   (shield unavailable)
rNeg    . . .      Spirit   .   (body armour unavailable)
rPois   .          Reflect  +   (helmet unavailable)
rElec   .          Harm     .   (cloak unavailable)
rCorr   .          Rampage  .   (gloves unavailable)
Will    +....                   (boots unavailable)
Stlth   +++.......              p - amulet of reflection
HPRegen 0.06/turn               r - ring of wizardry
MPRegen 0.11/turn               n - ring of willpower

@: lethally poisoned (-2 -> -18), quick
A: very small, claws 1, fangs 3, see invisible, speed 1, shaggy fur 1, stealthy
paws, no weapons or thrown items, no armour, multi-lived
a: no special abilities


You were on level 5 of the Dungeon.
You visited 1 branch of the dungeon, and saw 5 of its levels.
You also visited: Sewer.

You collected 234 gold pieces.

Inventory:

Jewellery
 f - a +6 ring of dexterity
 n - a ring of willpower (right paw)
 p - an amulet of reflection (around neck)
 r - a ring of wizardry (left paw)
Wands
 g - a wand of flame (27)
 t - a wand of roots (3)
Scrolls
 c - a scroll of blinking
 h - a scroll of vulnerability {unknown}
 i - a scroll of amnesia {unknown}
 j - a scroll of enchant armour {unknown}
 k - a scroll of poison {unknown}
 o - 4 scrolls of teleportation
 u - a scroll of silence {unknown}
Potions
 a - a potion of magic
 b - 2 potions of flight
 d - a potion of haste
 e - 4 potions of curing
 l - a potion of heal wounds {unknown}
 m - a potion of attraction {unknown}
 q - a potion of invisibility


   Skills:
 + Level 4.6 Dodging
 + Level 4.8 Stealth
 + Level 3.2 Spellcasting
 + Level 4.4 Ice Magic


You had 2 spell levels left.
You knew the following spells:

 Your Spells              Type           Power      Damage    Failure   Level
a - Freeze                Ice            76%        1d9       1%          1
b - Frozen Ramparts       Ice            38%        1d6       3%          3
c - Ozocubu's Armour      Ice            19%        N/A       3%          3

Your spell library contained the following spells:

 Spells                   Type           Power      Damage    Failure   Level
 Hailstorm                Conj/Ice       10%        3d5       26%         4


Dungeon Overview and Level Annotations

Branches:
Dungeon (5/15)              Sewer (visited)
 Temple: D:4-7

Altars:
Cheibriados
Gozag

Shops:
D:2 :

Annotations:
D:4 Edmund, Grinder
D:5 exclusion: ice beast


Innate Abilities, Weirdness & Mutations

You have sharp claws.
You have razor-sharp teeth.
You have supernaturally acute eyesight. (SInv)
You cover ground quickly. (Speed+)
You are covered in fur. (AC +1)
Your paws help you pounce on unaware monsters.
You are incapable of wielding weapons or throwing items.
You cannot wear armour.
You gain extra lives every three experience levels.


Message History

The scorpion stings you but does no damage.
You are now level 4!
You rejoin the land of the living...
Found 7 gold pieces.
You now have 224 gold pieces (gained 7).
You now have 234 gold pieces (gained 10).
A water moccasin comes into view.
The water moccasin hisses angrily.
Casting: Freeze (safe; 1% risk of failure)
Confirm with . or Enter, or press ? or * to list all spells.
The spell is quite dangerous to miscast (3% risk of failure)!
Continue anyway?
Casting: Frozen Ramparts (quite dangerous; 3% risk of failure)
Press: ? - help, Dir - look around, f - activate The walls around you are covered in ice.
The wall freezes the water moccasin.
The water moccasin seems to slow down.
The wall freezes the water moccasin.
The water moccasin seems to slow down.
You scratch the water moccasin.
The water moccasin is moderately wounded.
The wall freezes the water moccasin.
The water moccasin seems to slow down.
The water moccasin bites you.
You scratch the water moccasin.
The water moccasin is heavily wounded.
The wall freezes the water moccasin.
The water moccasin seems to slow down.
The water moccasin misses you.
You miss the water moccasin.
The water moccasin is heavily wounded.
The wall freezes the water moccasin.
The water moccasin seems to slow down.
The water moccasin bites you.
You miss the water moccasin.
The water moccasin is severely wounded.
The frozen ramparts melt away.
The water moccasin closely misses you.
You scratch the water moccasin but do no damage.
The water moccasin is severely wounded.
The water moccasin bites you!
* * * LOW HITPOINT WARNING * * *
You are lethally poisoned!
The water moccasin poisons you!
You scratch the water moccasin.
The water moccasin is severely wounded.
You die...

#############
#....@S......
#.###########
#..........#
#..........+
##.........#
#.........#
#.........#
#.........#
###########


You could see a water moccasin (slow).

Vanquished Creatures
  A hound (D:2)
  An orc wizard (D:4)
  7 gnolls
  2 adders (D:2)
  An ufetubus (D:4)
  2 worms
  4 dart slugs
  4 orcs
  7 endoplasms
  4 giant cockroaches
  2 hobgoblins
  6 jackals
  2 quokkas (D:3)
  A ball python (D:1)
  6 bats
  6 frilled lizards
  7 goblins
  5 kobolds
  7 rats
75 creatures vanquished.

Notes
Turn   | Place    | Note
-------+----------+-------------------------------------------
     0 | D:1      | brinewave the Felid Ice Elementalist began the quest for
                  | the Orb.
     0 | D:1      | Reached XP level 1. HP: 7/7 MP: 4/4
    24 | D:1      | Found a faded altar of an unknown god.
   453 | D:1      | Reached XP level 2. HP: 11/11 MP: 6/6
  1317 | D:2      | Reached XP level 3. HP: 9/14 MP: 2/7
  1490 | D:2      | Learned a level 3 spell: Frozen Ramparts
  1759 | D:2      | Reached XP level 4. HP: 15/18 MP: 5/8
  1937 | D:2      | Found Qoyr's Book Boutique.
  2364 | D:3      | Found a glowing drain.
  2370 | Sewer    | Entered a sewer
  2485 | Sewer    | Noticed a water moccasin
  2966 | D:3      | Found a snail-covered altar of Cheibriados.
  2968 | D:3      | Found an opulent altar of Gozag.
  2980 | D:3      | Found an opulent altar of Gozag.
  2980 | D:3      | Found an opulent altar of Gozag.
  3021 | D:3      | Found an opulent altar of Gozag.
  3437 | D:4      | Noticed Edmund
  3437 | D:4      | Noticed Grinder
  3457 | D:4      | Reached XP level 5. HP: 21/21 MP: 3/10
  3552 | D:4      | Learned a level 3 spell: Ozocubu's Armour
  4005 | D:5      | Entered Level 5 of the Dungeon
  4379 | D:5      | Noticed an ice beast
  4455 | D:5      | HP: 1/21 [scorpion (5)]
  4456 | D:5      | Succumbed to a scorpion's poison
  4457 | D:5      | Reached XP level 4. HP: -2/18 MP: 3/9
  4469 | D:5      | Noticed a water moccasin
  4478 | D:5      | Succumbed to a water moccasin's poison

Illustrated notes

Levels and vault maps discovered:
D:1:      amcnicky_arrival_blooded_trapdoor, layout_basic,
          hellmonk_ecumenical_altar_run_dry, minmay_misc_feat_room
D:2:      layout_loops_cross, serial_shops, nicolae_shop_statue_plus
D:3:      layout_basic, cheibriados_altar_1,
          nicolae_gozag_conspicuous_consumption, portal_sewer_entry_e
D:4:      layout_basic, uniq_edmund, uniq_grinder
D:5:      layout_basic, okawaru_altar_gauntlet_db

Skill      XL: |  1  2  3  4 |
---------------+-------------+-----
Dodging        | 3 4 |  4.6
Stealth        | 3 4 |  4.8
Ice Magic      | 4 |  4.4
Spellcasting   | 3 |  3.2

Action                   |  1- 3 |  4- 6 || total
-------------------------+-------+-------++-------
Melee: Unarmed           |    10 |    61 ||    71
       Bite              |       |    12 ||    12
 Cast: Freeze            |    35 |    59 ||    94
       Frozen Ramparts   |       |     5 ||     5
       Ozocubu's Armour  |       |     1 ||     1
  Use: Scroll            |       |     9 ||     9
 Stab: Sleeping          |     4 |     9 ||    13
       Distracted        |       |     1 ||     1
Armor: Skin              |     2 |     3 ||     5
Dodge: Dodged            |    15 |    63 ||    78
Block: Other             |       |     8 ||     8
